 Dungeon Crawl Stone Soup version 0.19.1 (webtiles) character file.

183 HessuHobo the Chopper (level 5, -11/53 HPs)
             Began as a Troll Berserker on Dec 28, 2016.
             Was a Believer of Trog.
             Killed by divine providence
             ... invoked by an orc priest
              (15 damage)
             ... on level 4 of the Dungeon.
             The game lasted 00:02:52 (2102 turns).

HessuHobo the Chopper (Troll Berserker)             Turns: 2102, Time: 00:02:52

Health: -11/53     AC:  5    Str: 26    XL:     5   Next: 35%
Magic:  4/4        EV: 10    Int:  3    God:    Trog [**....]
Gold:   97         SH:  0    Dex:  9    Spells: 0 memorised, 4 levels left

rFire  . . .     SeeInvis .     a - +0 hand axe
rCold  . . .     Gourm    +     b - +0 animal skin
rNeg   . . .     Faith    .     (no shield)
rPois  .         Spirit   .     (helmet restricted)
rElec  .         Reflect  .     (no cloak)
rCorr  .         Harm     .     (gloves unavailable)
MR     .....                    (boots unavailable)
Stlth  +.........               (no amulet)
                                (no ring)
                                (no ring)

@: exhausted, slowed, very slow
A: unfitting armour, claws 3, fast metabolism 3, gourmand, regeneration 1,
shaggy fur 1, tough skin 2
a: Berserk, Trog's Hand, Burn Spellbooks, Renounce Religion


You were on level 4 of the Dungeon.
You worshipped Trog.
Trog was pleased with you.
You were not hungry.

You visited 1 branch of the dungeon, and saw 4 of its levels.

You collected 97 gold pieces.

Inventory:

Hand Weapons
 a - a +0 hand axe (weapon)
Armour
 b - a +0 animal skin (worn)
Jewellery
 l - an uncursed ring of see invisible {unknown}
Scrolls
 e - a scroll of noise {unknown}
 f - a scroll of random uselessness {unknown}
 g - 2 scrolls of remove curse {unknown}
 i - 4 scrolls of identify {unknown}
 o - 2 scrolls of magic mapping {unknown}
Potions
 d - a potion of brilliance {unknown}
 h - a potion of curing {unknown}
 j - a potion of agility {unknown}
 k - a potion of ambrosia {unknown}
 m - a potion of heal wounds {unknown}
 n - a potion of lignification {unknown}
Comestibles
 c - 5 bread rations


   Skills:
 + Level 3.6 Fighting
 + Level 4.2 Axes
 - Level 2.4 Dodging
 + Level 0.1 Stealth


You had 4 spell levels left.
You didn't know any spells.

Dungeon Overview and Level Annotations

Branches:
Dungeon (4/15)
 Temple: D:4-7

Altars:


Innate Abilities, Weirdness & Mutations

You are too large for most types of armour.
You have claws for hands.
Your metabolism is lightning-fast.
You like to eat raw meat.
Your natural rate of healing is unusually fast.
You are covered in fur. (AC +1)
You have very tough skin. (AC +2)


Message History

* * * LOW HITPOINT WARNING * * *
You are no longer berserk.
You pass out from exhaustion.
You feel yourself slow down.
The orc priest hits you but does no damage.
The orc priest calls down the wrath of Beogh upon you.
Pain shoots through your body!
* * * LOW HITPOINT WARNING * * *
The orc priest hits you but does no damage.
You can move again.
Items here: ))) [[[ †† You closely miss the orc priest.
The orc priest is severely wounded.
The orc priest hits you with a whip.
* * * LOW HITPOINT WARNING * * *
You hit the orc priest.
The orc priest is almost dead.
The orc priest calls down the wrath of Beogh upon you.
Beogh smites you!
You die...

#.....#
#.....#
#.....#
#.....#
#.....#
#.....# #
#.....# #.
#.....# #..
#@o...#
#..##
#.#$###
#....##.#.#
#....#.#.##
#.......#
#...##..###
##........#
#.###.##.#
##.# .# ..


You could see an orc priest.

Vanquished Creatures
  2 orc wizards
  Jessica (D:3)
  4 adders
  An ooze (D:2)
  A worm (D:3)
  A dart slug (D:2)
  4 leopard geckos (D:3)
  7 orcs
  7 bats
  2 giant cockroaches
  3 goblins
  6 hobgoblins
  A ball python (D:3)
  2 frilled lizards
  6 kobolds
  6 rats
54 creatures vanquished.

Notes
Turn   | Place    | Note
-------+----------+-------------------------------------------
     0 | D:1      | HessuHobo the Troll Berserker began the quest for the Orb.
     0 | D:1      | Reached XP level 1. HP: 22/22 MP: 0/0
   201 | D:1      | Reached XP level 2. HP: 26/29 MP: 1/1
   985 | D:2      | Reached skill level 3 in Axes
   985 | D:2      | Reached XP level 3. HP: 11/37 MP: 2/2
  1185 | D:3      | Reached ** piety under Trog
  1219 | D:3      | Reached XP level 4. HP: 30/45 MP: 3/3
  1338 | D:3      | Noticed Jessica
  1349 | D:3      | Killed Jessica
  1477 | D:3      | Reached XP level 5. HP: 33/53 MP: 4/4
  1942 | D:3      | Reached skill level 4 in Axes
  2102 | D:4      | Killed from afar by an orc priest

Skill      XL: |  1  2  3  4  5 |
---------------+----------------+-----
Fighting       | 3 |  3.6
Axes           | 3 4 |  4.2
Dodging        | |  2.4
Stealth        | |  0.1

Action                   |  1- 3 |  4- 6 || total
-------------------------+-------+-------++-------
Melee: Hand axe          |    99 |    92 ||   191
Invok: Berserk           |     3 |     1 ||     4
  Eat: Chunk             |     8 |     9 ||    17
       Meat ration       |     1 |       ||     1
       Pizza             |     1 |       ||     1
Armor: Animal skin       |    45 |    31 ||    76
Dodge: Dodged            |    63 |    56 ||   119
